 Dungeon Crawl Stone Soup version 0.31-a0-455-g1a7b003ef0 (webtiles) character file.

Game seed: 6400405552816893205

14 ytrimaz the Ruffian (level 2, 21/21 HPs)
             Began as a Demonspawn Shapeshifter on Aug 3, 2023.
             Quit the game on level 1 of the Dungeon.
             The game lasted 00:00:40 (338 turns).

ytrimaz the Ruffian (Demonspawn Shapeshifter)        Turns: 338, Time: 00:00:41

Health: 21/21      AC:  2    Str: 15    XL:     2   Next: 27%
Magic:  2/2        EV: 12    Int: 11    God:
Gold:   63         SH:  0    Dex: 13    Spells: 1/1 levels left

rFire   . .          .
                       - Unarmed
rCold   . . .        (no shield)
rNeg    . . .        a - +0 animal skin
rPois   .            (helmet currently unavailable)
rElec   .            (cloak currently unavailable)
rCorr   .            (gloves currently unavailable)
SInv    .            (boots currently unavailable)
Will    .....        (no amulet)
Stlth   +            (no ring)
HPRegen 0.23/turn    (no ring)
MPRegen 0.08/turn

%: no passive effects
@: beast-form
A: beast (slay +2), big brain 1
a: Begin Untransformation


You were on level 1 of the Dungeon.
You were a hulking beast.
You visited 1 branch of the dungeon, and saw 1 of its levels.

You collected 63 gold pieces.


Innate Abilities, Weirdness & Mutations

You are a hulking beast.
Your limbs bulge with bestial killing power. (Slay +2)
You have an unusually large brain. (Int +2)


   Skills:
 + Level 1.2 Fighting
 - Level 1.9 Dodging
 + Level 2.9 Unarmed Combat
 * Level 2.9 Shapeshifting


You had one spell level left.
You didn't know any spells.
Your spell library contained the following spells:

 Spells                   Type           Power      Damage    Failure   Level
 Call Canine Familiar     Summ           0%         N/A       71%         3
 Portal Projectile        Hex/Tloc       0%         N/A       71%         3
 Leda's Liquefaction      Hex/Erth       0%         N/A       98%         4

Inventory:

Armour
 a - a +0 animal skin (worn)
Talismans
 c - a beast talisman (active)
Scrolls
 d - 2 scrolls of fog {unknown}
Potions
 b - a potion of lignification
 e - a potion of heal wounds {unknown}
 f - a potion of cancellation {unknown}

Dungeon Overview and Level Annotations

Branches:
Dungeon (1/15) Zot: 5663

Altars:

...# #.#...#.. #.####..#
#.....#.. #.......#
#...#.#..
#######...######..##....
..................##....
............###.#.##....
........#.#(....#.##....
........#.#######.##....
.......h#.........##....
........############....
......... #........
...##..... ##.####...
... #...... #.........
.. #.......###.........
#.......#...........
#.......#...........
#...........


There were no monsters in sight!


Message History

😮 HP[-2]
You take 2 damage, and now have 10/15 hp.
Unknown command.
You barely miss the jackal. The jackal bites you.
The jackal closely misses you. The jackal misses you. 😮 HP[-2]
You take 2 damage, and now have 8/15 hp.
You are too injured to fight recklessly!
You hit the jackal. You punch the jackal, but do no damage.
The jackal barely misses you. x2; The jackal closely misses you.
You are too injured to fight recklessly!
Unknown command.
You closely miss the jackal. The jackal misses you.
The jackal bites you but does no damage. 😮 HP[+1]
You are too injured to fight recklessly!
You closely miss the jackal. The jackal barely misses you.
The jackal bites you.
The jackal bites you but does no damage. 😮 HP[-1]
You take 1 damage, and now have 8/15 hp.
You are too injured to fight recklessly!
Unknown command.
You hit the jackal.
You kill the jackal!
The jackal bites you but does no damage.
The jackal closely misses you.
You have reached level 2!
Your demonic ancestry asserts itself...
Your brain expands. 😮 HP[+3] MP[+1]
You now have 21 max hp (+6).
You regained 3 hp, and now have 11/21 hp.
Your mp is fully restored (2).
The jackal bites you.
* * * LOW HITPOINT WARNING * * *
😨 HP[-1]
You take 1 damage, and now have 10/21 hp.
The jackal barely misses you. The jackal bites you.
* * * LOW HITPOINT WARNING * * *
Unknown command. 😨 HP[-2]
You take 2 damage, and now have 8/21 hp.
The jackal attacks as you move away! The jackal barely misses you.
Unknown command.
You hit the jackal. The jackal closely misses you.
You barely miss the jackal.
The jackal bites you but does no damage.
The jackal closely misses you.
Unknown command.
You are too injured to fight recklessly!
You hit the jackal.
You kill the jackal! 😨 HP[+1]
You are too injured to fight recklessly!
You hit the endoplasm. The endoplasm freezes you.
You are frozen.
* * * LOW HITPOINT WARNING * * *
😨 HP[-2]
You take 2 damage, and now have 7/21 hp.
Unknown command.
You hit the endoplasm.
You kill the endoplasm!
You are too injured to fight recklessly!
You are too injured to fight recklessly! 😨 HP[+1] Unknown command.
Things that are here:
a ball python corpse; a jackal corpse Key pressed, stopping explore.
You now have 63 gold pieces (gained 15).
Key pressed, stopping explore.
Key pressed, stopping explore.
An endoplasm comes into view. 😎 HP[+13]
Your hp is fully restored (21).
An endoplasm is nearby!
An endoplasm is nearby!
An endoplasm is nearby!
An endoplasm is nearby!
You are a hulking beast.
Your movement speed is average.
Your attack delay is about 0.9.
Your damage rating with unarmed combat is about 7 (Base [3 + 2 (UC)] x 112% (Str) x 101% (Fight) + 2 (Slay)).
The endoplasm quivers.
You hit the endoplasm. The endoplasm closely misses you.
Unknown command.
You hit the endoplasm.
You kill the endoplasm!
Unknown command.
No target in view!
A rat comes into view.
The rat moves out of view.
A rat is nearby!
A rat is nearby!
The rat closely misses you.
You punch the rat!
You kill the rat!
Unknown command.
Are you sure you want to abandon this character and quit the game? (Confirm with "yes".)

Action                     || total
---------------------------++-------
  Melee: Unarmed           ||    29
         Punch             ||     1
 Armour: Animal skin       ||    10
  Dodge: Dodged            ||    30

Levels and vault maps discovered:
D:1:      dpeg_arrival_shrine, layout_basic, nrook_mini_vaults

Notes
Turn   | Place    | Note
-------+----------+-------------------------------------------
     0 | D:1      | ytrimaz the Demonspawn Shapeshifter began the quest for the
                  | Orb.
     0 | D:1      | Reached XP level 1. HP: 15/15 MP: 1/1
     0 | D:1      | magus.rc [v1.9.6]
   106 | D:1      | You pick up a book of the Hunter and begin reading...
   106 | D:1      | You add the spells Call Canine Familiar, Portal Projectile
                  | and Leda's Liquefaction to your library.
   189 | D:1      | Gained mutation: You have an unusually large brain. (Int
                  | +2) [demonic ancestry]
   189 | D:1      | Reached XP level 2. HP: 11/21 MP: 2/2
   338 | D:1      | Quit the game

Vanquished Creatures
  2 endoplasms (D:1)
  A goblin (D:1)
  3 jackals (D:1)
  A quokka (D:1)
  3 ball pythons (D:1)
  A rat (D:1)
11 creatures vanquished.

Table legend:
 A = Non-vault XP
 B = Vault XP
 C = Vault XP percentage of total XP
 D = Non-vault monster count
 E = Vault monster count
 F = Vault count percentage of total count
                 A         B        C        D         E       F
            +---------+---------+-------+---------+---------+-------
      Total |      20 |       0 |   0.0 |      11 |       0 |   0.0
            +---------+---------+-------+---------+---------+-------
        D:1 |      20 |       0 |   0.0 |      11 |       0 |   0.0
            +---------+---------+-------+---------+---------+-------

Action                     || total
---------------------------++-------
  Melee: Unarmed           ||    29
         Punch             ||     1
 Armour: Animal skin       ||    10
  Dodge: Dodged            ||    30

Illustrated notes

Table legend:
 A = Kills in this place as a percentage of kills in the entire game.
 B = Kills by you in this place as a percentage of kills by you in the entire game.
 C = Kills by friends in this place as a percentage of kills by friends in the entire game.
 D = Other kills in this place as a percentage of other kills in the entire game.
 E = Experience gained in this place as a percentage of experience gained in the entire game.
 F = Experience gained in this place divided by the number of levels of this place that you have seen.
                   A       B       C       D       E      F
               +-------+-------+-------+-------+-------+----------------------
         Total | 100.0 | 100.0 |   N/A |   N/A | 100.0 |  20.0
       Dungeon | 100.0 | 100.0 |   N/A |   N/A | 100.0 |  20.0
               +-------+-------+-------+-------+-------+----------------------

Table legend: (Time is in decaauts)
 A = Elapsed time spent in this place.
 B = Non-inter-level travel time spent in this place.
 C = Inter-level travel time spent in this place.
 D = Time resting spent in this place.
 E = Time spent auto-exploring this place.
 F = Levels seen in this place.
 G = Mean time per level.
                   A        B        C        D        E       F      G
               +--------+--------+--------+--------+--------+-----+--------+
         Total |    337 |    337 |      0 |      0 |    272 |   1 |  337.0 |
       Dungeon |    337 |    337 |      0 |      0 |    272 |   1 |  337.0 |
               +--------+--------+--------+--------+--------+-----+--------+

Top non-repeatable levels by time:
     D:1: 337 daAuts
